 Dungeon Crawl Stone Soup version 0.14-a0-1444-g21dc12d (webtiles) character file.

64 Jake482 the Grave Robber (level 2, -2/20 HPs)
             Began as a Ghoul Necromancer on Dec 13, 2013.
             Slain by an adder (4 damage)
             ... on Level 2 of the Dungeon.
             The game lasted 00:12:00 (830 turns).

Jake482 the Grave Robber (Ghoul Necromancer)         Turns: 830, Time: 00:12:00

HP  -2/20        AC  2     Str 11      XL: 2   Next: 83%
MP   0/3         EV 12     Int 10      God:
Gold 43          SH  0     Dex  9      Spells:  2 memorised,  2 levels left

rFire  . . .     SeeInvis .     h - +2,+1 elf short sword (freeze)
rCold  + . .     Clarity  .     a - +0 robe
rNeg   + + +     Conserve .     (no shield)
rPois  +         rCorr    .     (no helmet)
rElec  .         rRot     +     (no cloak)
SustAb . .       Spirit   .     (no gloves)
rMut   .         Warding  .     (no boots)
Saprov + + +     Stasis   .     (no amulet)
                                (no ring)
                                (no ring)

@: very slightly contaminated, rotting, not resistant to hostile enchantments,
unstealthy
A: rotting body, claws 1, carnivore 3, cold resistance 1, life protection 3,
poison resistance, saprovore 3, slow healing 1, torment resistance, unbreathing
a: no special abilities


You were on level 2 of the Dungeon.
You were not hungry.

You visited 1 branch of the dungeon, and saw 2 of its levels.

You collected 43 gold pieces.

Inventory:

Hand weapons
 h - a +2,+1 elven short sword of freezing (weapon)
Armour
 a - a +0 robe (worn)
Comestibles
 f - 2 meat rations
 g - a chunk of kobold flesh
Scrolls
 d - a scroll of remove curse {unknown}
 e - a scroll of identify {unknown}
 i - a scroll of enchant weapon II {unknown}
 j - a scroll of magic mapping {unknown}
Potions
 c - a potion of curing {unknown}
Books
 b - a book of Necromancy

   Spells                             Type                      Level
   *Pain                              Necromancy                   1
   *Animate Skeleton                  Necromancy                   1
   Lethal Infusion                    Charms/Necromancy            2
   Vampiric Draining                  Necromancy                   3
   Regeneration                       Charms/Necromancy            3
   Animate Dead                       Necromancy                   4
   Control Undead                     Necromancy                   4


   Skills:
 - Level 1.7 Dodging
 - Level 2.1 Stealth
 - Level 1.7 Spellcasting
 + Level 4.8 Necromancy


You had 2 spell levels left.
You knew the following spells:

 Your Spells              Type           Power        Failure   Level  Hunger
a - Pain                  Necr           ##..         6%          1    ##.....
b - Animate Skeleton      Necr           N/A          6%          1    ##.....


Dungeon Overview and Level Annotations

Branches:
Dungeon (2/16)

Altars:
Makhleb


Innate Abilities, Weirdness & Mutations

Your body is rotting away.
You have sharp fingernails.
You are carnivorous and can eat meat at any time.
Your flesh is cold resistant.
You are immune to negative energy.
Your system is resistant to poisons.
You thrive on rotten meat.
You heal slowly when monsters are visible.
You are immune to unholy pain and torment.
You can survive without breathing.


Message History

Drink which item? (? for menu, Esc to quit)
Okay, then.
You barely miss the adder.
The adder is almost dead.
The adder barely misses you. The adder misses you.
You closely miss the adder.
The adder is almost dead.
The adder barely misses you.
You miss the adder.
The adder is almost dead.
The adder barely misses you. The adder bites you.
* * * LOW HITPOINT WARNING * * *
Unknown command.
You closely miss the adder.
The adder is almost dead.
The adder barely misses you.
You barely miss the adder.
The adder is almost dead.
The adder bites you.
You die...

#....#...#####
#..............
...####.##...#####
...%................
...##...##...####...
#...###.......r.
#...# #.#####...<
###.###.#####.....
.........S@).......
###.#...#########.
#....... #...#...
#..>#...# .. ##.## .
#.# #$# .


You could see an adder.

Vanquished Creatures
  A giant cockroach (D:1)
  A goblin (D:2)
  2 hobgoblins (D:1)
  8 kobolds (D:1)
  A bat (D:1)
  2 giant newts (D:1)
  5 rats
20 creatures vanquished.

Vanquished Creatures (collateral kills)
  A bat (D:1)
1 creature vanquished.

Vanquished Creatures (others)
  A bat skeleton (D:1)
  A kobold skeleton (D:1)
  2 rat skeletons (D:1)
4 creatures vanquished.

Grand Total: 25 creatures vanquished

Notes
Turn   | Place    | Note
--------------------------------------------------------------
     0 | D:1      | Jake482, the Ghoul Necromancer, began the quest for the Orb.
     0 | D:1      | Reached XP level 1. HP: 14/14 MP: 2/2
   213 | D:1      | Learned a level 1 spell: Animate Skeleton
   348 | D:1      | Reached XP level 2. HP: 18/18 MP: 0/3
   758 | D:2      | Found a burning altar of Makhleb.
   830 | D:2      | Slain by an adder

Action                   || total
-------------------------++-------
Melee: Unarmed           ||     2
       Short sword       ||    24
Throw: Dart              ||     2
 Cast: Pain              ||    24
       Animate Skeleton  ||     6
